AoeStats
← 神风咕噜噜

Fortress

508878466Analyzed
4v4 RM · 9d ago on Sep 24, 2026· 41m 32s· 8 players
Game mode
Random Map
Map size
Huge
Population
200
Speed
Normal
Resources
Standard
Victory
Conquest
Starting age
Dark Age
Ending age
Imperial Age
RankedLock teamsTeams togetherTeam positionsShared explorationLock speedFull tech treeHidden civsTurbo modeCheats
Victory
Defeat
🇨🇿 Goths · Czechia
860
+14
🇵🇪 Saracens · Peru
854
+14
🇨🇳 Shu · China
848
+14
🇦🇷 Lithuanians · Argentina
838
+14
🇨🇳 Teutons · China
841
-16
🇮🇳 Bengalis · India
801
-14
🇮🇳 Franks · India
791
-13
🇺🇸 Spanish · United States
789
-13
DoktorWHO
7:51 Feudal Age
12:31 Castle Age
10:28 Double-Bit Axe
11:59 Horse Collar
13:41 Bow Saw
18:57 Heavy Plow
20:45 Wheelbarrow
23:50 Hand Cart
26:55 Imperial Age
24:33 Scale Mail Armor
25:59 Chain Mail Armor
25:55 Forging
25:35 Fletching
27:08 Anarchy
27:18 Squires
28:31 Iron Casting
29:06 Crop Rotation
30:11 Two-Man Saw
28:41 Pikeman
29:28 Halberdier
31:24 Blast Furnace
30:19 Bodkin Arrow
30:58 Capped Ram
32:06 Conscription
32:22 Elite Huskarl
37:51 Onager
神风咕噜噜
8:17 Feudal Age
12:52 Castle Age
13:26 Double-Bit Axe
13:24 Horse Collar
15:55 Wheelbarrow
16:48 Loom
19:38 Town Watch
21:00 Heavy Plow
21:13 Bow Saw
22:36 Fortified Wall
22:47 Ballistics
22:55 Gold Mining
23:04 Stone Mining
24:13 Masonry
25:22 Squires
29:00 Imperial Age
26:49 Hand Cart
26:54 Scale Barding Armor
27:50 Gold Shaft Mining
27:48 Husbandry
28:41 Chain Barding Armor
28:21 Fletching
28:34 Padded Archer Armor
28:59 Town Patrol
29:23 Caravan
30:56 Chemistry
30:04 Siege Engineers
30:23 Conscription
31:31 Two-Man Saw
30:37 Capped Ram
32:21 Bolt Magazine
33:18 Plate Barding Armor
34:00 Architecture
36:34 Arrowslits
36:39 Guard Tower
36:45 Murder Holes
40:00 Hoardings
fadul2105
7:26 Feudal Age
9:09 Loom
12:12 Castle Age
10:31 Double-Bit Axe
16:47 Bow Saw
21:20 Wheelbarrow
26:56 Imperial Age
25:55 Hand Cart
26:19 Horse Collar
26:31 Gold Mining
26:32 Stone Mining
27:31 Masonry
27:28 Town Watch
28:23 Town Patrol
28:38 Heavy Plow
30:09 Conscription
29:49 Elite Mameluke
33:15 Two-Man Saw
35:13 Chemistry
34:49 Gold Shaft Mining
34:52 Forging
35:07 Fortified Wall
37:51 Iron Casting
38:15 Husbandry
38:26 Bloodlines
38:36 Scale Barding Armor
38:22 Light Cavalry
40:41 Ballistics
40:17 Murder Holes
40:27 Siege Engineers
40:19 Hussar
42:25 Blast Furnace
Thorfinn
6:33 Loom
8:19 Feudal Age
9:26 Horse Collar
9:33 Double-Bit Axe
9:40 Gold Mining
12:54 Scale Barding Armor
14:52 Castle Age
14:08 Bloodlines
14:11 Forging
16:43 Bow Saw
16:46 Husbandry
16:09 Light Cavalry
17:08 Heavy Plow
19:07 Squires
18:33 Pikeman
25:30 Iron Casting
25:36 Stone Mining
31:02 Town Watch
31:55 Wheelbarrow
34:14 Imperial Age
31:55 Scale Mail Armor
32:33 Chain Barding Armor
33:07 Stone Shaft Mining
34:51 Chain Mail Armor
35:07 Hand Cart
36:15 Cavalier
37:37 Plate Barding Armor
36:29 Elite Leitis
38:38 Paladin
39:45 Halberdier
D4RKK
2:28 Loom
9:29 Feudal Age
10:11 Double-Bit Axe
10:07 Horse Collar
10:20 Stone Mining
11:32 Gold Mining
16:51 Castle Age
15:12 Padded Archer Armor
18:37 Bow Saw
18:29 Heavy Plow
19:48 Fortified Wall
21:43 Pikeman
23:06 Caravan
24:14 Leather Archer Armor
25:57 Stone Shaft Mining
25:48 Squires
28:10 Wheelbarrow
31:40 Imperial Age
29:54 Man-at-Arms
30:21 Gambesons
30:47 Scale Barding Armor
30:44 Scale Mail Armor
30:54 Forging
30:35 Fletching
33:51 Chemistry
33:14 Elite Conquistador
35:25 Halberdier
37:35 Chain Mail Armor
37:51 Ring Archer Armor
37:57 Iron Casting
38:33 Guilds
ShreyOnShrooms
0:44 Loom
2:39 Loom
8:00 Feudal Age
8:54 Horse Collar
9:00 Double-Bit Axe
10:22 Wheelbarrow
10:11 Man-at-Arms
15:26 Scale Barding Armor
15:22 Scale Mail Armor
15:34 Forging
15:16 Fletching
15:30 Stone Mining
15:36 Gold Mining
17:51 Castle Age
19:13 Bow Saw
21:13 Bodkin Arrow
21:39 Chain Barding Armor
22:07 Caravan
24:36 Fortified Wall
24:22 Murder Holes
25:31 Heavy Plow
26:51 Bloodlines
28:09 Hand Cart
28:39 Elite Skirmisher
29:26 Husbandry
31:36 Gold Shaft Mining
33:55 Imperial Age
32:07 Padded Archer Armor
32:52 Ballistics
35:10 Conscription
35:59 Two-Man Saw
35:33 Crop Rotation
35:14 Bracer
35:52 Leather Archer Armor
37:38 Coinage
37:22 Guilds
38:17 Paiks
38:49 Ring Archer Armor
39:35 Chemistry
38:47 Masonry
39:22 Elite Elephant Archer
huntsman112
9:14 Feudal Age
10:15 Double-Bit Axe
15:08 Castle Age
15:16 Scale Barding Armor
17:26 Bow Saw
17:20 Husbandry
19:25 Forging
19:23 Light Cavalry
23:46 Wheelbarrow
23:27 Gold Mining
24:02 Chain Barding Armor
31:01 Imperial Age
29:25 Hand Cart
31:39 Town Watch
32:32 Gold Shaft Mining
31:48 Stone Mining
33:57 Town Patrol
34:39 Fortified Wall
36:22 Plate Barding Armor
36:24 Iron Casting
36:06 Cavalier
37:01 Chivalry
38:15 Conscription
37:43 Paladin
40:24 Blast Furnace
葛津津
6:57 Feudal Age
12:33 Castle Age
11:42 Double-Bit Axe
16:06 Horse Collar
19:21 Pikeman
19:48 Gambesons
20:04 Squires
20:10 Scale Mail Armor
23:43 Chain Mail Armor
23:39 Forging
24:08 Heavy Plow
25:18 Bow Saw
25:36 Stone Mining
25:36 Gold Mining
25:57 Elite Skirmisher
27:17 Iron Casting
29:54 Imperial Age
27:52 Padded Archer Armor
27:43 Fletching
28:44 Stone Shaft Mining
28:48 Wheelbarrow
29:00 Leather Archer Armor
30:18 Hand Cart
31:00 Halberdier
31:37 Elite Teutonic Knight
32:53 Ring Archer Armor
32:20 Bodkin Arrow
36:50 Chemistry
36:29 Plate Mail Armor
37:00 Blast Furnace
Connection lost

Rejoining the realm…

Still unreachable

The connection could not be restored.

Session expired

The server has moved on; the page needs a fresh start.